 Dungeon Crawl Stone Soup version 0.25-a0-697-g890751e744 (webtiles) character file.

Game seed: 10838568628551388291, levelgen mode: deterministic

62167 swingingbi the Severer (level 14, -6/135 HPs)
             Began as a Minotaur Fighter on Mar 31, 2020.
             Was a High Priest of Ashenzari.
             Killed from afar by Asterion (44 damage)
             ... with an orb of electricity
             ... on level 3 of the Lair of Beasts.
             The game lasted 01:37:46 (18660 turns).

swingingbi the Severer (Minotaur Fighter)          Turns: 18660, Time: 01:37:57

Health: -6/135     AC: 34    Str: 28    XL:     14   Next: 63%
Magic:  13/13      EV:  8    Int:  9    God:    Ashenzari [*****.]
Gold:   2832       SH: 14    Dex: 11    Spells: 13/13 levels left

rFire    . . .     SeeInvis +   s - +5 war axe (flame)
rCold    . . .     Gourm    .   c - +0 kite shield
rNeg     + . .     Faith    .   P - +0 plate armour "Gapegugg" {rN+ Int+4 Stlth+} (curse)
rPois    .         Spirit   .   (helmet restricted)
rElec    .         Reflect  .   z - +2 cloak {MR+} (curse)
rCorr    .         Harm     .   v - +2 pair of gloves {Str+3} (curse)
MR       +++..     Clarity  +   b - +2 pair of boots
Stlth    ..........             G - amulet of regeneration
HPRegen  0.72/turn              D - ring of protection from magic
MPRegen  0.13/turn              U - +5 ring of protection

@: mighty, lethally poisoned (-6 -> -6), liquid flames, hasted, glowing, very
quick
A: retaliatory headbutt, horns 2, wild magic 1, MP-powered wands
a: Curse Item, Scrying, Transfer Knowledge, Renounce Religion


You were on level 3 of the Lair of Beasts.
You worshipped Ashenzari.
Ashenzari was extremely pleased with you.
You were full.

You visited 3 branches of the dungeon, and saw 21 of its levels.
You visited 1 bazaar.

You collected 4362 gold pieces.
You spent 1530 gold pieces at shops.

Inventory:

Hand Weapons
 s - a +5 war axe of flaming (weapon)
 N - the +4 hand axe of Law {holy, rF+}
   (You found it on level 11 of the Dungeon)

   It has been blessed by the Shining One to cause great damage to the undead
   and demons.
   It protects you from fire.
 R - the +9 battleaxe of Disharmony {freeze, Dex+3}
   (You found it on level 6 of the Lair of Beasts)

   It has been specially enchanted to freeze those struck by it, causing extra
   injury to most foes and up to half again as much damage against particularly
   susceptible opponents.
   It can also slow down cold-blooded creatures.
   It affects your dexterity (+3).
Armour
 b - a +2 pair of boots (worn)
 c - a +0 kite shield (worn)
 v - a cursed +2 pair of gloves of strength (worn)
 w - a +1 pair of boots
 z - a cursed +2 cloak of magic resistance (worn)
 P - the cursed +0 plate armour "Gapegugg" (worn) {rN+ Int+4 Stlth+}
   (You bought it in a shop in a bazaar)

   It affects your intelligence (+4).
   It protects you from negative energy.
   It makes you more stealthy.
   It has a curse placed upon it.
 Z - a scarf of cloud immunity
Jewellery
 p - an uncursed ring of ice
 t - an uncursed ring of fire
 D - a ring of protection from magic (left hand)
 F - an uncursed amulet of guardian spirit
 G - an amulet of regeneration (around neck)
 Q - an uncursed ring of fire
 U - a +5 ring of protection (right hand)
Wands
 h - a wand of random effects (17)
 n - a wand of digging (5)
 x - a wand of acid (13)
 y - a wand of disintegration (31)
 A - a wand of scattershot (6)
 E - a wand of polymorph (14)
 T - a wand of iceblast (15)
Scrolls
 d - 2 scrolls of fear
 k - 12 scrolls of remove curse
 m - 4 scrolls of enchant weapon
 o - 5 scrolls of blinking
 q - a scroll of magic mapping
 u - 3 scrolls of teleportation
 B - 4 scrolls of amnesia
 I - 4 scrolls of enchant armour
 O - a scroll of acquirement
 V - 6 scrolls of identify
Potions
 a - 2 potions of lignification
 e - 12 potions of curing
 g - 2 potions of stabbing
 j - a potion of berserk rage
 l - 2 potions of ambrosia
 r - 3 potions of magic
 C - 2 potions of might
 H - a potion of mutation
 L - a potion of flight
 W - a potion of haste
Miscellaneous
 K - a phantom mirror
 M - a tin of tremorstones
 Y - a lightning rod (4/4)
Comestibles
 f - 31 rations


   Skills:
 - Level 15.0 Fighting
 + Level 17.5 Axes
 - Level 13.3(16.9) Armour
 - Level 15.0 Shields


You had 13 spell levels left.
You didn't know any spells.
Your spell library contained the following spells:

 Spells                   Type           Power        Failure   Level  Hunger
 Foxfire                  Conj/Fire      #...         95%         1    ##.....
 Magic Dart               Conj           #...         95%         1    ##.....
 Sting                    Tmut/Pois      #...         95%         1    ##.....
 Summon Small Mammal      Summ           #...         95%         1    ##.....
 Call Imp                 Summ           #.......     98%         2    ###....
 Poisonous Vapours        Pois/Air       #.....       98%         2    ###....
 Searing Ray              Conj           #.....       98%         2    ###....
 Call Canine Familiar     Summ           #.......     100%        3    ####...
 Conjure Flame            Conj/Fire      #.......     100%        3    ####...
 Dazzling Flash           Conj/Hex       #.....       100%        3    ####...
 Ignite Poison            Fire/Tmut/Pois #.......     100%        3    ####...
 Inner Flame              Hex/Fire       #.......     100%        3    ####...
 Mephitic Cloud           Conj/Pois/Air  #.......     100%        3    ####...
 Summon Guardian Golem    Hex/Summ       #.......     100%        3    ####...
 Fulminant Prism          Conj/Hex       #.........   100%        4    #####..
 Ice Form                 Ice/Tmut       #.......     100%        4    #####..
 Iskenderun's Mystic Bla  Conj/Tloc      #.......     100%        4    #####..
 Olgreb's Toxic Radiance  Pois           #.......     100%        4    #####..
 Sticky Flame             Conj/Fire      #.......     100%        4    #####..
 Summon Ice Beast         Ice/Summ       #.......     100%        4    #####..
 Summon Lightning Spire   Summ/Air       #.......     100%        4    #####..
 Fireball                 Conj/Fire      #.........   100%        5    ######.
 Metabolic Englaciation   Hex/Ice        #.........   100%        5    ######.
 Freezing Cloud           Conj/Ice/Air   #.........   100%        6    #######
 Ozocubu's Refrigeration  Ice            #.........   100%        6    #######
 Simulacrum               Ice/Necr       #.........   100%        6    #######
 Ring of Flames           Chrm/Fire      #.........   100%        7    #######


Dungeon Overview and Level Annotations

Branches:
Dungeon (14/15)            Temple (0/1) D:7            Lair (6/6) D:10
  Swamp (0/4) Lair:4       Spider (1/4) Lair:4        Slime (0/5) Lair:6
    Orc (0/2) D:11         Vaults (0/5) D:13

Altars:
Ashenzari
Fedhas
Gozag
Hepliaklqana
Kikubaaqudgha
Qazlal
Ru
Trog
Uskayaw
Wu Jian
Xom
Yredelemnul
Zin
The Shining One
Jiyva

Shops:
D:12 [(*   D:13 *

Annotations:
D:13 3 runed translucent doors, Laiders72's ghost, journeyman DDFi
Lair:3 Asterion
Lair:4 1 runed translucent door, Doschamyxt's ghost, journeyman MfGl


Innate Abilities, Weirdness & Mutations

You reflexively headbutt those who attack you in melee.
You have a pair of horns on your head.
Your spells are a little harder to cast, but a little more powerful.
You expend magic power (3 MP) to strengthen your wands.


Message History

You are covered in liquid flames!
You feel sick. Asterion closely misses you. You furiously retaliate!
You headbutt Asterion. Asterion barely misses you. Asterion blocks your attack.
Your headbutt misses Asterion.
Asterion is almost dead.
You slash the cacodemon! You burn the cacodemon.
You are covered in liquid flames!
Asterion hits you with a +5 demon whip of flaming.
Asterion burns you.
* * * LOW HITPOINT WARNING * * *
Asterion gores you but does no damage.
The cacodemon hits you but does no damage. x2
Asterion blocks your attack. x2
Asterion is almost dead.
Your plate armour "Gapegugg" prevents you from hitting the cacodemon.
You are covered in liquid flames!
* * * LOW HITPOINT WARNING * * *
Asterion conjures a destructive force in the name of Makhleb!
The orb of electricity explodes!
The orb of electricity engulfs you!!!
You die...

.P#.#..#...# #P......## ##.
...........# ##.......# #P.
###..#.....# ##.......# #..
P#######...# ### #........######.
.# #...###.###.......###.##P. ##
#......................... P#
#......................... ##
##......)....###.##.##....# #
###P.......2@...#######.....# #
#..........H...#######......#
#####...........>..###P##.#.....#
.##.........PP#.P#..............#
...............###..............#
...............# #..............P
...............###..............#
................##...[..........#
................>#..####.#.#....P


You could see Asterion and a cacodemon.

Vanquished Creatures
  Rupert (Lair:5)
  Harold (D:8)
  A vault guard (D:13)
  2 catoblepae
  3 hydras
  2 centaur warriors (D:13)
  5 two-headed ogres
  7 death yaks
  A deep troll shaman (Lair:6)
  Urug (Lair:4)
  A wizard (D:13)
  3 unseen horrors
  Pikel (D:6)
  A necromancer (D:13)
  A wolf spider (Lair:4)
  An ugly thing (D:13)
  2 cyclopes
  Maurice (D:8)
  2 black mambas
  8 elephants
  Psyche (D:8)
  13 spiny frogs
  A centaur skeleton (D:13)
  3 gargoyles
  A rime drake (Lair:6)
  Maggie (D:9)
  A yaktaur (D:13)
  7 komodo dragons
  4 trolls
  A jumping spider (Lair:4)
  7 polar bears
  5 blink frogs (Lair:4)
  A hornet (Lair:2)
  4 slime creatures (D:13)
  11 hippogriffs
  4 redbacks
  2 wyverns
  A wraith (D:13)
  A spriggan (D:7)
  A vampire (D:13)
  A shadow (D:13)
  19 humans (D:13)
  33 yaks
  6 vampire mosquitoes
  Grum (D:8)
  A steam dragon (D:10)
  2 basilisks
  Edmund (D:3)
  A soldier ant (D:12)
  12 porcupines
  10 water moccasins
  4 black bears
  2 phantoms
  7 orc warriors
  5 sky beasts
  4 ice beasts
  2 slaves (D:6)
  9 ogres
  24 wolves
  2 necrophages
  13 crocodiles
  9 centaurs
  2 big kobolds
  Blork the orc (D:5)
  9 bullfrogs
  A wyvern skeleton (D:11)
  2 scorpions
  11 wights
  An electric eel (D:10)
  3 howler monkeys
  A bullfrog zombie (D:5)
  2 centaur zombies
  3 crimson imps
  4 jellies
  3 orc priests
  6 hounds
  3 bullfrog skeletons
  10 orc wizards
  4 hell rats (Lair:6)
  6 iguanas
  Natasha (twice) (D:4)
  8 worker ants
  A killer bee zombie (D:5)
  2 worker ant zombies
  4 gnolls (D:7)
  13 adders
  3 shadow imps
  An ooze (D:3)
  4 adder skeletons
  A worm (D:3)
  A dart slug (D:1)
  10 leopard geckos
  35 orcs
  6 giant cockroaches
  9 goblins
  4 hobgoblins
  15 jackals
  17 kobolds
  4 quokkas
  4 bats (D:3)
  5 frilled lizards
  A goblin zombie (D:6)
  A leopard gecko skeleton (D:7)
  2 quokka skeletons
  9 rats
  A rat zombie (D:6)
  13 fungi
  8 plants
539 creatures vanquished.

Vanquished Creatures (others)
  A wizard (D:8)
  3 fungi
  5 plants
9 creatures vanquished.

Grand Total: 548 creatures vanquished

Notes
Turn   | Place    | Note
-------+----------+-------------------------------------------
     0 | D:1      | swingingbi the Minotaur Fighter began the quest for the
                  | Orb.
     0 | D:1      | Reached XP level 1. HP: 19/19 MP: 0/0
   117 | D:1      | Reached skill level 3 in Axes
   196 | D:1      | Reached XP level 2. HP: 16/26 MP: 1/1
   741 | D:1      | Reached skill level 4 in Axes
   955 | D:2      | Reached XP level 3. HP: 23/31 MP: 2/2
  1104 | D:2      | Found an ancient bone altar of Kikubaaqudgha,
  1258 | D:2      | Found a hazy altar of Hepliaklqana,
  1300 | D:2      | Reached skill level 5 in Axes
  1580 | D:3      | Reached XP level 4. HP: 39/39 MP: 3/3
  1763 | D:3      | Reached skill level 6 in Axes
  2287 | D:4      | Reached XP level 5. HP: 44/45 MP: 4/4
  2315 | D:4      | Noticed Edmund
  2349 | D:3      | Killed Edmund
  2349 | D:3      | Reached skill level 7 in Axes
  2349 | D:3      | Reached XP level 6. HP: 39/51 MP: 5/5
  2431 | D:4      | Reached skill level 8 in Axes
  2623 | D:4      | Noticed Natasha
  2625 | D:4      | Killed Natasha
  2657 | D:4      | Reached skill level 9 in Axes
  2658 | D:4      | Found a shattered altar of Ashenzari,
  2816 | D:4      | Became a worshipper of Ashenzari the Shackled
  2893 | D:4      | Reached XP level 7. HP: 51/57 MP: 6/6
  3142 | D:4      | Reached skill level 10 in Axes
  3500 | D:4      | Noticed Natasha
  3508 | D:4      | Killed Natasha
  3518 | D:5      | Entered Level 5 of the Dungeon
  3544 | D:5      | Found a glowing golden altar of the Shining One,
  3718 | D:5      | Reached skill level 11 in Axes
  3863 | D:5      | Reached XP level 8. HP: 56/64 MP: 7/7
  3894 | D:5      | Noticed Blork the orc
  3900 | D:5      | Killed Blork the orc
  4126 | D:5      | Reached skill level 12 in Axes
  4200 | D:5      | Found a stormy altar of Qazlal,
  4734 | D:6      | Found a sacrificial altar of Ru,
  4962 | D:6      | Noticed Pikel
  4974 | D:6      | Killed Pikel
  4974 | D:6      | Reached skill level 5 in Fighting
  4974 | D:6      | Reached skill level 13 in Axes
  4974 | D:6      | Reached XP level 9. HP: 50/75 MP: 8/8
  5263 | D:6      | Reached * piety under Ashenzari
  6105 | D:7      | Gained mutation: Your spells are a little harder to cast,
                  | but a little more powerful. [potion of mutation]
  6105 | D:7      | Gained mutation: You expend magic power (3 MP) to
                  | strengthen your wands. [potion of mutation]
  6147 | D:7      | Found a staircase to the Ecumenical Temple,
  6291 | D:7      | Found a glowing golden altar of the Shining One,
  6426 | D:7      | Found a shimmering altar of Xom,
  6454 | D:7      | Found an opulent altar of Gozag,
  6460 | D:7      | Found a basalt altar of Yredelemnul,
  6464 | D:7      | Found an ornate altar of the Wu Jian Council,
  6505 | D:7      | Found a bloodstained altar of Trog,
  6508 | D:7      | Found a glowing silver altar of Zin,
  6719 | D:8      | Noticed Psyche
  6726 | D:8      | Killed Psyche
  6726 | D:8      | Reached skill level 14 in Axes
  6844 | D:8      | Found a blossoming altar of Fedhas,
  6854 | D:8      | Noticed Grum
  6866 | D:8      | Killed Grum
  6866 | D:8      | Reached XP level 10. HP: 93/93 MP: 9/9
  6908 | D:8      | Noticed Harold
  6912 | D:8      | Killed Harold
  6912 | D:8      | Reached skill level 10 in Fighting
  7133 | D:8      | Found a bloodstained altar of Trog,
  7134 | D:8      | Noticed a wizard
  7139 | D:8      | Killed a wizard
  7442 | D:8      | Noticed Maurice
  7447 | D:8      | Killed Maurice
  7447 | D:8      | Reached skill level 5 in Shields
  7613 | D:8      | Reached ** piety under Ashenzari
  7838 | D:9      | Noticed a two-headed ogre
  7851 | D:9      | Killed a two-headed ogre
  8300 | D:9      | Found a hide-covered altar of Uskayaw,
  8307 | D:9      | Noticed Maggie
  8319 | D:9      | Killed Maggie
  8319 | D:9      | Reached skill level 15 in Axes
  8546 | D:10     | Entered Level 10 of the Dungeon
  8632 | D:10     | Reached XP level 11. HP: 101/101 MP: 10/10
  8738 | D:10     | Found a staircase to the Lair,
  9344 | D:11     | Killed an unseen horror
  9398 | D:11     | Reached skill level 10 in Shields
  9424 | D:11     | Found a staircase to the Orcish Mines,
  9425 | D:11     | Noticed a two-headed ogre
  9472 | D:11     | Killed a two-headed ogre
  9862 | D:11     | Got the hand axe of Law {holy, rF+}
  9914 | D:11     | Got the cursed ring mail of Vokleel {*Drain rC+ Regen+
                  | Int+7}
  9976 | D:11     | Noticed a two-headed ogre
  9980 | D:11     | Killed a two-headed ogre
 10083 | D:11     | Reached skill level 16 in Axes
 10115 | D:11     | Found a flickering gateway to a bazaar,
 10124 | Bazaar   | Entered a bazaar
 10124 | Bazaar   | Found Tibone's Food Shop,
 10124 | Bazaar   | Found Doserun's Antique Weapon Shoppe,
 10126 | Bazaar   | Found Zugraz's Armour Boutique,
 10126 | Bazaar   | Found Epaethrio's Weapon Shoppe,
 10205 | Bazaar   | Bought the cursed +0 plate armour "Gapegugg" {rN+ Int+4
                  | Stlth+} for 381 gold pieces
 10213 | Bazaar   | Bought a glowing broad axe for 161 gold pieces
 10239 | Bazaar   | Identified the cursed +0 ring mail of Vokleel {*Drain rC+
                  | Regen+ Int+7} (You found it on level 11 of the Dungeon)
 10616 | D:12     | Found Umyrrutoe's General Store,
 10779 | D:12     | Reached XP level 12. HP: 107/107 MP: 11/11
 10830 | D:12     | Reached skill level 5 in Armour
 10866 | D:12     | Found Punyame's Antique Weapon Emporium,
 11014 | D:12     | Found Joax's Armour Shoppe,
 11030 | D:12     | Bought a scarf of cloud immunity for 98 gold pieces
 11275 | D:13     | Identified the +4 hand axe of Law {holy, rF+} (You found it
                  | on level 11 of the Dungeon)
 11285 | D:13     | Noticed a two-headed ogre
 11326 | D:13     | Noticed a centaur warrior
 11345 | D:13     | Killed a centaur warrior
 11424 | D:13     | Found a runed translucent gate,
 11425 | D:13     | Found a runed translucent gate,
 11425 | D:13     | Found an opulent altar of Gozag,
 11426 | D:13     | Found a runed translucent gate,
 11431 | D:13     | Noticed Laiders72's ghost (journeyman DDFi)
 11433 | D:13     | Found Polonaud's Assorted Antiques,
 11484 | D:13     | Killed a two-headed ogre
 11683 | D:13     | Identified the +1 robe of the Spheres {rF+ Str+4}
 11878 | D:13     | Reached *** piety under Ashenzari
 11904 | D:13     | Noticed a two-headed ogre
 11914 | D:13     | Killed a two-headed ogre
 11914 | D:13     | Reached skill level 15 in Shields
 11949 | D:13     | Noticed a centaur warrior
 11966 | D:13     | Killed a centaur warrior
 12200 | D:13     | Noticed a vault guard
 12201 | D:13     | Found a gate to the Vaults,
 12221 | D:13     | Killed a vault guard
 12223 | D:13     | Reached skill level 10 in Armour
 12261 | D:13     | Reached XP level 13. HP: 114/114 MP: 12/12
 12698 | Lair:1   | Entered Level 1 of the Lair of Beasts
 13621 | Lair:2   | Reached **** piety under Ashenzari
 14773 | Lair:3   | Identified 3 scrolls of acquirement
 14775 | Lair:3   | Identified the cursed +2 executioner's axe of Atiaf
                  | {freeze, rF+} (You acquired it on level 3 of the Lair of
                  | Beasts)
 14927 | D:12     | Bought a runed battleaxe for 218 gold pieces
 14954 | D:12     | Bought a ration for 80 gold pieces
 14954 | D:12     | Bought an uncursed amulet of guardian spirit for 480 gold
                  | pieces
 14954 | D:12     | Bought a scroll of identify for 32 gold pieces
 14954 | D:12     | Bought a ration for 80 gold pieces
 15122 | Lair:4   | Found a hole to the Spider Nest,
 15206 | Lair:4   | Found a staircase to the Swamp,
 15382 | Lair:4   | Noticed Urug
 15393 | Lair:4   | Killed Urug
 15759 | Lair:4   | Found a runed translucent door,
 15759 | Lair:4   | Noticed Doschamyxt's ghost (journeyman MfGl)
 16055 | Lair:5   | Got the long sword "Dragon's Tongue" {vorpal, Str+6 Dex-2}
 16199 | Lair:5   | Reached ***** piety under Ashenzari
 16209 | Lair:5   | Noticed Rupert
 16231 | Lair:5   | Killed Rupert
 16457 | Lair:5   | Reached XP level 14. HP: 77/127 MP: 13/13
 16775 | Lair:5   | Found a bloodstained altar of Trog,
 17151 | Lair:6   | Entered Level 6 of the Lair of Beasts
 17215 | Lair:6   | Reached skill level 17 in Axes
 17732 | Lair:6   | Found a staircase to the Slime Pits,
 17732 | Lair:6   | Found a viscous altar of Jiyva,
 17876 | Lair:6   | Found a shimmering altar of Xom,
 18290 | Lair:6   | Got the battleaxe of Disharmony {freeze, Dex+3}
 18377 | Lair:6   | Identified the +9 battleaxe of Disharmony {freeze, Dex+3}
                  | (You found it on level 6 of the Lair of Beasts)
 18444 | Spider:1 | Entered Level 1 of the Spider Nest
 18444 | Spider:1 | Identified the +0 kite shield of Valiance {*Contam rC++ rN+
                  | SInv}
 18444 | Spider:1 | Noticed Asterion
 18454 | Spider:1 | Noticed an Executioner
 18635 | Lair:4   | Reached skill level 15 in Fighting
 18638 | Lair:4   | Noticed a cacodemon
 18649 | Lair:3   | Noticed a cacodemon
 18660 | Lair:3   | Killed from afar by Asterion

Levels and vault maps discovered:
D:1:      onia_arrival_mini_maze, layout_loops_cross, minmay_misc_feat_iff,
          grunt_decor_cap, lexackson_kobold_supper
D:2:      layout_basic, marbit_many_paths, kiku_gazebo_pond_becter
D:3:      layout_basic, minmay_door_square
D:4:      layout_loops_ring, evilmike_ruin_ashenzari, uniq_edmund, uniq_natasha
D:5:      layout_basic, kennysheep_mini_moat, first_ration, basic_altar,
          kennysheep_small_circle, uniq_blork_the_orc
D:6:      layout_layer_cave, nicolae_ru_sacrificial_ziggurat, enter_ossuary_4,
          uniq_pikel
D:7:      layout_rooms, overflow_temple_1_default, minitemple,
          gammafunk_temple_overflow_statue, minmay_temple_entry_enclosed_plants,
          the_bakery, kennysheep_big_empty_room, nicolae_tso_carved_into_rock
D:8:      layout_loops_corners, lemuel_crystal_altar, trog_wizard, uniq_harold,
          uniq_psyche, uniq_maurice, uniq_grum
D:9:      layout_roguey, lemuel_altar_in_water, uniq_maggie
D:10:     layout_basic, grunt_lair_entry_orc_guard_hut, serial_shops, shop
D:11:     layout_loops_corners, david_orc_2, serial_shops, bzr_entry_dummy
D:12:     layout_irregular_city, serial_shops, nicolae_shop_waterfront, shop,
          nicolae_shop_stone
D:13:     layout_irregular_city, grunt_vaults_entry_tiered, ebering_ghost_gozag
D:14:     minmay_the_grid_3x2 [minmay_the_grid_stretched_grid,
          minmay_the_grid_minigrid_medium, minmay_the_grid_outer_circle,
          minmay_the_grid_aliased_spiral, minmay_the_grid_tri_star,
          minmay_the_grid_prize_shrinking_boxes], layout_basic, serial_glass,
          glass_columns_a, glass_columns_c, feat_on_display,
          due_unseen_surprise, roderic_cross_of_infinity,
          einodemon_crawler_minivault, uniq_josephine, uniq_azrael
Lair:1:   layout_long_grid
Lair:2:   layout_small_grid, beast_lair_carwin_7, grunt_megastairs_3
Lair:3:   layout_chaotic_city
Lair:4:   layout_loops_ring, minmay_swamp_entry_worms, spider_nest_entry_a,
          ebering_ghost_reflecting_pool, uniq_urug
Lair:5:   layout_cave_pods, minmay_holes, lemuel_centaur_altar,
          grunt_megastairs_4, uniq_rupert
Lair:6:   grunt_lair_end_beastmaster, layout_regular_city, slime_altar_1,
          basic_altar, infiniplex_staircase_pool
Spider:1: layout_spider_delve, guppyfry_spider_mini_3, uniq_asterion

Skill      XL: |  1  2  3  4  5  6  7  8  9 10 11 12 13 14 |
---------------+-------------------------------------------+-----
Axes           | 3 4 5 6 7 9 11 13 14 15 16 17 | 17.5
Fighting       | 5 9 10 12 15 | 15.0
Shields        | 8 12 15 | 15.0
Armour         | 4 10 13 | 13.3

Action                   |  1- 3 |  4- 6 |  7- 9 | 10-12 | 13-15 || total
-------------------------+-------+-------+-------+-------+-------++-------
Melee: War axe           |    88 |   105 |   212 |   487 |   605 ||  1497
       Headbutt          |     3 |    13 |    38 |   107 |   151 ||   312
       Hand axe          |       |       |       |    14 |     7 ||    21
Invok: Curse Item        |       |       |     1 |       |       ||     1
       Scrying           |       |       |       |     2 |       ||     2
Evoke: Wand              |       |       |       |     7 |       ||     7
       Lightning rod     |       |       |       |       |     1 ||     1
  Use: Potion            |       |     3 |     6 |     4 |     4 ||    17
       Scroll            |       |     7 |     6 |    10 |    10 ||    33
  Eat: Chunk             |     2 |     4 |    10 |    16 |    10 ||    42
       Ration            |       |       |     1 |       |     5 ||     6
Armor: Scale mail        |    61 |    40 |    60 |    11 |       ||   172
       Swamp dragon scal |       |       |       |    40 |       ||    40
       Plate armour      |       |       |       |   110 |   266 ||   376
Dodge: Dodged            |    49 |    49 |    84 |    88 |   125 ||   395
Block: Kite shield       |       |       |       |   243 |   341 ||   584

Table legend:
 A = Non-vault XP
 B = Vault XP
 C = Vault XP percentage of total XP
 D = Non-vault monster count
 E = Vault monster count
 F = Vault count percentage of total count
                 A         B        C        D         E       F
            +---------+---------+-------+---------+---------+-------
      Total |   59242 |   29569 |  33.3 |     421 |      95 |  18.4
            +---------+---------+-------+---------+---------+-------
        D:1 |      28 |       8 |  22.2 |      14 |       5 |  26.3
        D:2 |      54 |       1 |   1.8 |      20 |       1 |   4.8
        D:3 |      96 |     169 |  63.8 |      25 |       1 |   3.8
        D:4 |     798 |      35 |   4.2 |      23 |       1 |   4.2
        D:5 |     869 |     141 |  14.0 |      16 |       2 |  11.1
        D:6 |     487 |     643 |  56.9 |      20 |       3 |  13.0
        D:7 |    1183 |     211 |  15.1 |      24 |       1 |   4.0
        D:8 |     709 |    2354 |  76.9 |      11 |       6 |  35.3
        D:9 |    1985 |     365 |  15.5 |      15 |       1 |   6.2
       D:10 |    1710 |     799 |  31.8 |      18 |       6 |  25.0
       D:11 |    6228 |     405 |   6.1 |      42 |       8 |  16.0
       D:12 |    5258 |       0 |   0.0 |      34 |       0 |   0.0
       D:13 |    9469 |    6410 |  40.4 |      35 |      23 |  39.7
     Lair:1 |    1913 |       0 |   0.0 |       9 |       0 |   0.0
     Lair:2 |    4151 |    2700 |  39.4 |      16 |      11 |  40.7
     Lair:3 |    1635 |       0 |   0.0 |       7 |       0 |   0.0
     Lair:4 |    6160 |    1395 |  18.5 |      25 |       3 |  10.7
     Lair:5 |    9717 |    4987 |  33.9 |      37 |       4 |   9.8
     Lair:6 |    6149 |    8946 |  59.3 |      27 |      19 |  41.3
   Spider:1 |     643 |       0 |   0.0 |       3 |       0 |   0.0
            +---------+---------+-------+---------+---------+-------
